 Dungeon Crawl Stone Soup version 0.27.1-1-g398f81649c (webtiles) character file.

Game seed: 3065344777479962513

11 Kinoniko the Shield-Bearer (level 2, -3/19 HPs)
             Began as a Gargoyle Fighter on Sept 22, 2021.
             Slain by a phantom (7 damage)
             ... on level 2 of the Dungeon.
             The game lasted 00:00:40 (934 turns).

Kinoniko the Shield-Bearer (Gargoyle Fighter)        Turns: 934, Time: 00:00:41

Health: -3/19      AC:  9    Str: 19    XL:     2   Next: 29%
Magic:  2/2        EV: 11    Int:  8    God:
Gold:   83         SH:  9    Dex:  9    Spells: 1/1 levels left

rFire    . . .     SeeInvis .   a - +0 flail
rCold    . . .     Faith    .   c - +0 kite shield
rNeg     + . .     Spirit   .   b - +0 scale mail
rPois    ∞         Reflect  .   (no helmet)
rElec    +         Harm     .   (no cloak)
rCorr    .         Rampage  .   (no gloves)
Will     .....                  (no boots)
Stlth    ..........             (no amulet)
HPRegen  0.06/turn              f - +4 ring of evasion
MPRegen  0.08/turn              (no ring)

@: mighty
A: sickness immunity, AC +2, negative energy resistance 1, electricity
resistance, torment resistance 1, petrification resistance
a: no special abilities


You were on level 2 of the Dungeon.
You visited 1 branch of the dungeon, and saw 2 of its levels.

You collected 83 gold pieces.

Inventory:

Hand Weapons
 a - a +0 flail (weapon)
Armour
 b - a +0 scale mail (worn)
 c - a +0 kite shield (worn)
Jewellery
 f - a +4 ring of evasion (left hand)
 g - a ring of protection from cold
Scrolls
 e - a scroll of holy word {unknown}
Potions
 d - a potion of might


   Skills:
 - Level 3.2 Fighting
 * Level 2.6 Maces & Flails
 - Level 3.2 Armour
 + Level 3.5 Shields


You had one spell level left.
You didn't know any spells.
Your spell library contained the following spells:

 Spells                   Type           Power      Damage    Failure   Level
 Foxfire                  Conj/Fire      0%         2x1d4     99%         1
 Conjure Flame            Conj/Fire      0%         6-21      100%        3
 Inner Flame              Hex/Fire       0%         N/A       100%        3


Dungeon Overview and Level Annotations

Branches:
Dungeon (2/15)

Altars:


Innate Abilities, Weirdness & Mutations

You are immune to sickness and miasma.
Your stone body is resilient. (AC +2)
You are immune to poison.
You resist negative energy. (rN+)
You are resistant to electric shocks. (rElec)
You are resistant to unholy torment.
You are immune to petrification.


Message History

There is an open door here.
There is a stone staircase leading down here.
You climb downwards.
There is a stone staircase leading up here.
There are monsters nearby!
You sock the phantom!
The phantom is moderately damaged.
The phantom hits you.
The phantom blinks!
You blink.
Found 21 stones.
Sorry, you're not good enough to have a special ability.
Unknown command.
You feel very mighty all of a sudden. You block the phantom's attack.
You closely miss the phantom.
The phantom is moderately damaged.
The phantom misses you. The rat bites you but does no damage.
The phantom hits you.
Unknown command.
You closely miss the phantom.
The phantom is moderately damaged.
The rat twitches its whiskers.
The rat misses you. The phantom hits you. The rat bites you.
Unknown command.
You closely miss the phantom.
The phantom is moderately damaged.
You block the phantom's attack. You block the rat's attack.
Unknown command.
You barely miss the phantom.
The phantom is moderately damaged.
The phantom hits you.
The phantom blinks!
You blink.
The rat closely misses you. You block the phantom's attack.
You block the rat's attack.
You hit the phantom.
The phantom is heavily damaged.
The phantom closely misses you. The rat bites you but does no damage.
You closely miss the phantom.
The phantom is heavily damaged.
The phantom hits you.
* * * LOW HITPOINT WARNING * * *
You block the rat's attack. The phantom hits you!
You die...

... ... .. ### ..
... .# ...# ####
##.#######
.....####@W.<....#
........r...######
...(....#......
.....###########
.... #


You could see a phantom and a rat.

Vanquished Creatures
  A dart slug (D:1)
  2 ball pythons (D:1)
  2 goblins (D:1)
  2 kobolds (D:1)
  A bat (D:1)
  A frilled lizard (D:1)
9 creatures vanquished.

Notes
Turn   | Place    | Note
-------+----------+-------------------------------------------
     0 | D:1      | Kinoniko the Gargoyle Fighter began the quest for the Orb.
     0 | D:1      | Reached XP level 1. HP: 14/14 MP: 1/1
   338 | D:1      | Reached XP level 2. HP: 19/19 MP: 2/2
   926 | D:2      | Noticed a phantom
   934 | D:2      | Slain by a phantom

Illustrated notes

Levels and vault maps discovered:
D:1:      onia_arrival_pyramid, layout_loops_corners
D:2:      layout_rooms, minmay_gold_behind_fungi, uniq_robin, uniq_natasha

Action                   || total
-------------------------++-------
Melee: Flail             ||    35
  Use: Potion            ||     1
Armor: Scale mail        ||    15
Dodge: Dodged            ||    18
Block: Kite shield       ||    23
